 Dungeon Crawl Stone Soup version 0.16.0-16-g311141a (webtiles) character file.

126 valak23 the Insei (level 5, -6/28 HPs)
             Began as a Vine Stalker Monk on Mar 19, 2015.
             Was an Initiate of Ru.
             Killed by divine providence
             ... invoked by an orc priest
              (7 damage)
             ... on level 3 of the Dungeon.
             The game lasted 00:06:14 (1334 turns).

valak23 the Insei (Vine Stalker Monk)               Turns: 1334, Time: 00:06:14

Health: -6/28      AC:  5    Str: 14    XL:     5   Next: 9%
Magic:  0/7        EV: 12    Int: 10    God:    Ru [......]
Gold:   130        SH:  0    Dex: 17    Spells: 0 memorised, 4 levels left

rFire  x . .     SeeInvis .       - Unarmed
rCold  + . .     Clarity  .     e - +0 ring mail
rNeg   . . .     SustAb   .     (no shield)
rPois  .         Gourm    .     (no helmet)
rElec  .         Spirit   +     (no cloak)
rCorr  .         Warding  .     (no gloves)
rMut   +         Stasis   .     (no boots)
MR     +....                    i - amulet of resist mutation
Stlth  ..........               s - ring of ice
                                h - ring of protection from magic

@: very slightly contaminated, hasted, very quick, somewhat resistant to hostile
enchantments, extremely unstealthy
A: fangs 2, regeneration 1, magic shield, antimagic bite, no device heal 3, rot
immunity, no stealth
a: Renounce Religion


You were on level 3 of the Dungeon.
You worshipped Ru.
Ru was noncommittal.
You were not hungry.

You visited 1 branch of the dungeon, and saw 3 of its levels.

You collected 130 gold pieces.

Inventory:

Hand weapons
 c - a +0 hand axe
Armour
 a - a +0 robe
 e - a +0 ring mail (worn)
Jewellery
 b - an uncursed ring of magical power
 h - a ring of protection from magic (left hand)
 i - an amulet of resist mutation (around neck)
 k - a +2 ring of intelligence
 s - a ring of ice (right hand)
Scrolls
 j - a scroll of random uselessness {unknown}
 l - 6 scrolls of identify {unknown}
 n - a scroll of teleportation {unknown}
 p - 2 scrolls of enchant weapon {unknown}
 q - a scroll of recharging {unknown}
Potions
 d - a potion of heal wounds
 m - a potion of agility {unknown}
 o - a potion of restore abilities {unknown}
 r - a potion of poison {unknown}
Comestibles
 g - a beef jerky


   Skills:
 + Level 2.9 Fighting
 + Level 0.5 Armour
 * Level 3.3 Dodging
 * Level 5.2 Unarmed Combat


You had 4 spell levels left.
You didn't know any spells.

Dungeon Overview and Level Annotations

Branches:
Dungeon (3/15)

Altars:
Cheibriados
Ru
Sif Muna
Trog


Innate Abilities, Weirdness & Mutations

You have extremely sharp teeth.
Your natural rate of healing is unusually fast.
When hurt, damage is shared between your health and your magic reserves.
Your bite disrupts and absorbs the magic of your enemies.
Potions and wands cannot restore your health.
You are immune to rotting.
You cannot be stealthy.


Message History

The orc hits you but does no damage.
The orc priest calls upon Beogh to heal the orc priest.
The orc priest is healed somewhat.
The orc priest barely misses you.
You hit the orc priest but do no damage.
The orc priest is heavily wounded.
The orc hits you with a hand axe.
* * * LOW HITPOINT WARNING * * *
You barely miss the orc priest. You bite the orc priest. You drain its power.
You feel invigorated.
The orc priest is severely wounded.
The orc priest barely misses you. The orc hits you with a hand axe.
* * * LOW HITPOINT WARNING * * *
Drink which item? (? for menu, Esc to quit)
It was a potion of haste.
You feel yourself speed up. The orc priest barely misses you.
The orc hits you with a hand axe.
* * * LOW HITPOINT WARNING * * *
You are very lightly contaminated with residual magic.
The orc priest mumbles some strange prayers to Beogh against you.
Something smites you!
You die...

####### .......
....... S....o..###
.......†'.#
........#o#
#####+##o###########
#o..........[. #
#..@..........
........#.#########
###..###.......#
#......#####.#
#.####.# #. #.# # #.
#.#####.###
#.#........
#.......#


You could see 2 orc priests and an orc.

Vanquished Creatures
  Terence (D:2)
  5 adders
  2 worms
  5 giant geckos
  2 oozes (D:1)
  6 orcs (D:3)
  A ball python (D:1)
  4 goblins
  4 hobgoblins
  2 quokkas (D:3)
  4 bats
  A giant newt (D:1)
  A jackal (D:3)
  5 kobolds
  9 rats
52 creatures vanquished.

Notes
Turn   | Place    | Note
--------------------------------------------------------------
     0 | D:1      | valak23, the Vine Stalker Monk, began the quest for the Orb.
     0 | D:1      | Reached XP level 1. HP: 11/11 MP: 1/1
   172 | D:1      | Reached XP level 2. HP: 16/16 MP: 3/3
   232 | D:1      | Found a snail-covered altar of Cheibriados.
   343 | D:1      | You fall through a shaft!
   401 | D:2      | Reached XP level 3. HP: 14/19 MP: 2/4
   634 | D:2      | Reached XP level 4. HP: 14/23 MP: 3/5
   638 | D:2      | Noticed Terence
   645 | D:2      | Killed Terence
   645 | D:2      | Reached skill level 5 in Unarmed Combat
   990 | D:3      | Found a sacrificial altar of Ru.
  1008 | D:3      | Became a worshipper of Ru the Awakened
  1030 | D:3      | Gained mutation: You cannot be stealthy. [Ru sacrifice]
  1121 | D:3      | Found a deep blue altar of Sif Muna.
  1125 | D:3      | Found a bloodstained altar of Trog.
  1130 | D:3      | Found a snail-covered altar of Cheibriados.
  1307 | D:3      | Reached XP level 5. HP: 14/28 MP: 4/7
  1333 | D:3      | HP: 1/28 [orc/hand axe (2)]
  1334 | D:3      | Killed from afar by an orc priest

Action                   |  1- 3 |  4- 6 || total
-------------------------+-------+-------++-------
Melee: Unarmed           |    89 |    69 ||   158
Invok: Sacrifice Stealth |       |     1 ||     1
  Use: Scroll            |     1 |       ||     1
       Potion            |       |     2 ||     2
  Eat: Bread ration      |       |     1 ||     1
